 Dungeon Crawl Stone Soup version 0.21.1-1-g345015f (webtiles) character file.

2018 troglodite the Slasher (level 9, -13/69 HPs)
             Began as a Demonspawn Berserker on June 19, 2018.
             Was an Elder of Trog.
             Killed from afar by Pikel (21 damage)
             ... with a wand of acid (4)
             ... on level 6 of the Dungeon.
             The game lasted 00:15:41 (6559 turns).

troglodite the Slasher (Demonspawn Berserker)       Turns: 6559, Time: 00:15:41

Health: -13/69     AC:  4    Str: 17    XL:     9   Next: 3%
Magic:  9/9        EV: 16    Int:  9    God:    Trog [****..]
Gold:   228        SH:  0    Dex: 16    Spells: 8/8 levels left

rFire    . . .     SeeInvis .   K - +0 falchion (curse)
rCold    + + +     Gourm    .   (no shield)
rNeg     . . .     Faith    .   F - +0 scale mail {rC+}
rPois    .         Spirit   .   (no helmet)
rElec    .         Reflect  .   (no cloak)
rCorr    .         Harm     .   B - +2 pair of gloves
MR       .....                  q - +0 pair of boots
Stlth    ..........             (no amulet)
HPRegen  0.21/turn              r - +2 ring of evasion
MPRegen  0.11/turn              w - ring of protection from cold

@: corroded, berserk cooldown, slowed, very slow
A: repulsion field 1, cold resistance 1, spiny 1, freezing cloud immunity
a: Berserk, Trog's Hand, Brothers in Arms, Burn Spellbooks, Renounce Religion


You were on level 6 of the Dungeon.
You worshipped Trog.
Trog was greatly pleased with you.
You were very hungry.

You visited 1 branch of the dungeon, and saw 6 of its levels.

You collected 228 gold pieces.

Inventory:

Hand Weapons
 a - a +0 falchion
 K - a cursed +0 falchion (weapon)
Armour
 q - a +0 pair of boots (worn)
 B - a +2 pair of gloves (worn)
 E - a +0 chain mail
 F - a +0 scale mail of cold resistance (worn)
Jewellery
 k - an uncursed ring of resist corrosion
 r - a +2 ring of evasion (left hand)
 w - a ring of protection from cold (right hand)
 C - an uncursed ring of ice
 G - an uncursed ring of protection from cold
Wands
 v - a wand of paralysis (15)
 y - a wand of enslavement (17)
 H - a wand of digging (9)
Scrolls
 b - 4 scrolls of magic mapping {unknown}
 d - 5 scrolls of teleportation {unknown}
 e - 10 scrolls of identify {unknown}
 f - a scroll of enchant weapon {unknown}
 g - 2 scrolls of remove curse {unknown}
 h - a scroll of noise {unknown}
 l - 3 scrolls of enchant armour {unknown}
 o - 2 scrolls of blinking {unknown}
 x - a scroll of immolation {unknown}
 J - a scroll of amnesia {unknown}
Potions
 i - 2 potions of mutation {unknown}
 j - 3 potions of curing {unknown}
 m - a potion of brilliance {unknown}
 n - a potion of berserk rage {unknown}
 p - a potion of haste {unknown}
 s - a potion of agility {unknown}
 t - 3 potions of lignification {unknown}
 u - 2 potions of might {unknown}
 z - a potion of ambrosia {unknown}
 A - a potion of magic {unknown}
 D - a potion of flight {unknown}
Comestibles
 c - 11 rations
 I - 7 chunks of flesh


   Skills:
 * Level 6.0 Fighting
 + Level 6.9 Long Blades
 * Level 5.8 Armour
 * Level 4.8 Dodging
 + Level 1.0 Stealth


You had 8 spell levels left.
You didn't know any spells.

Dungeon Overview and Level Annotations

Branches:
Dungeon (6/15)             Temple (0/1) D:5

Altars:
Ashenzari

Annotations:
D:6 Pikel


Innate Abilities, Weirdness & Mutations

You are surrounded by a mild repulsion field. (EV +2)
Your flesh is cold resistant. (rC+)
You are partially covered in sharp spines.
You are immune to freezing clouds.


Message History

You closely miss Pikel.
Pikel is lightly wounded.
Pikel zaps a wand.
The bolt of acid hits you! The acid corrodes you!
You are splashed with acid!
The acid burns!
It is a wand of acid (7).
You hit Pikel but do no damage.
Pikel is lightly wounded.
Pikel is struck by your spines. Pikel closely misses you.
Pikel hits you but does no damage.
You closely miss Pikel.
Pikel is lightly wounded.
Pikel zaps a wand.
The bolt of acid hits you!
* * * LOW HITPOINT WARNING * * *
The acid corrodes you!
You are splashed with acid!
The acid burns!
* * * LOW HITPOINT WARNING * * *
You hit Pikel but do no damage.
Pikel is lightly wounded.
Pikel zaps a wand.
The bolt of acid misses you. Pikel misses you.
Pikel zaps a wand.
The bolt of acid misses you.
Pikel zaps a wand.
The bolt of acid hits you!
You die...

.....+ ...........
....# ######.รท...
...+ ...........
..##########....###
#pp.............'..
#K# ###.....### #[#
#.#'###
#.###########.#
#.@...........#
###############


You could see Pikel and a slave.

Vanquished Creatures
  The ghost of matthes123 the Skirmisher, a novice GnWn of Ashenzari (D:6)
  Sigmund (D:6)
  Edmund (D:5)
  2 slaves (D:6)
  The ghost of matthes123 the Vexing, an amateur GnWn (D:3)
  3 ogres
  A centaur (D:5)
  Blork the orc (D:5)
  A bullfrog (D:6)
  A crimson imp (D:5)
  A centaur zombie (D:5)
  A hound (D:5)
  An orc priest (D:3)
  A bullfrog skeleton (D:4)
  Jessica (D:2)
  2 iguanas (D:5)
  4 orc wizards
  Ijyb (D:5)
  3 worker ants
  The ghost of Theowulf the Stinger, a weakling NaVM (D:4)
  7 gnolls
  8 adders
  3 shadow imps
  2 oozes (D:2)
  3 worms
  A dart slug (D:2)
  4 leopard geckos
  21 orcs
  10 giant cockroaches
  8 goblins
  9 hobgoblins
  14 jackals
  3 quokkas
  3 bats
  3 frilled lizards
  14 kobolds
  5 rats
147 creatures vanquished.

Notes
Turn   | Place    | Note
-------+----------+-------------------------------------------
     0 | D:1      | troglodite the Demonspawn Berserker began the quest for the Orb.
     0 | D:1      | Reached XP level 1. HP: 18/18 MP: 1/1
   188 | D:1      | Gained mutation: You are surrounded by a mild repulsion field. (EV +2) [demonic ancestry]
   188 | D:1      | Reached XP level 2. HP: 4/24 MP: 2/2
  1221 | D:2      | Reached XP level 3. HP: 18/29 MP: 3/3
  1652 | D:2      | Gained mutation: Your flesh is cold resistant. (rC+) [demonic ancestry]
  1652 | D:2      | Reached XP level 4. HP: 35/35 MP: 4/4
  1666 | D:2      | Reached ** piety under Trog
  2174 | D:2      | Noticed Jessica
  2190 | D:2      | Reached XP level 5. HP: 39/41 MP: 5/5
  2192 | D:2      | Killed Jessica
  2814 | D:3      | Noticed matthes123's ghost (amateur GnWn)
  2822 | D:3      | Killed matthes123's ghost
  2822 | D:3      | Reached XP level 6. HP: 48/48 MP: 6/6
  2827 | D:3      | Reached *** piety under Trog
  3056 | D:3      | Found a shattered altar of Ashenzari.
  4257 | D:4      | HP: 2/48 [ogre/giant spiked club (12)]
  4794 | D:4      | Noticed Theowulf's ghost (weakling NaVM)
  4798 | D:4      | Reached XP level 7. HP: 50/54 MP: 7/7
  4807 | D:4      | Killed Theowulf's ghost
  5115 | D:4      | Reached skill level 5 in Long Blades
  5240 | D:5      | Entered Level 5 of the Dungeon
  5240 | D:5      | Noticed Ijyb
  5247 | D:5      | Killed Ijyb
  5388 | D:5      | Found a staircase to the Ecumenical Temple.
  5389 | D:5      | Reached **** piety under Trog
  5389 | D:5      | Reached skill level 1 in Stealth
  5747 | D:5      | Noticed Edmund
  5767 | D:5      | Killed Edmund
  5767 | D:5      | Gained mutation: You are partially covered in sharp spines. [demonic ancestry]
  5767 | D:5      | Reached XP level 8. HP: 61/61 MP: 8/8
  5815 | D:5      | Reached skill level 5 in Fighting
  5918 | D:6      | Noticed Sigmund
  5918 | D:6      | Noticed matthes123's ghost (novice GnWn)
  5932 | D:6      | Noticed Blork the orc
  5955 | D:5      | Killed Blork the orc
  5955 | D:5      | Reached skill level 5 in Armour
  6160 | D:6      | Killed Sigmund
  6225 | D:6      | Killed matthes123's ghost
  6495 | D:6      | Gained mutation: You are immune to freezing clouds. [demonic ancestry]
  6495 | D:6      | Reached XP level 9. HP: 69/69 MP: 9/9
  6528 | D:6      | Noticed Pikel
  6559 | D:6      | Killed from afar by Pikel

Skill      XL: |  1  2  3  4  5  6  7  8 |
---------------+-------------------------+-----
Dodging        | 2 3 4 |  4.8
Armour         | 2 3 4 5 |  5.8
Long Blades    | 3 4 5 6 |  6.9
Fighting       | 4 6 |  6.0
Stealth        | 1 |  1.0

Action                   |  1- 3 |  4- 6 |  7- 9 || total
-------------------------+-------+-------+-------++-------
Melee: Falchion          |    83 |   239 |   246 ||   568
Invok: Berserk           |     2 |     5 |     9 ||    16
       Burn Spellbooks   |       |     1 |       ||     1
  Eat: Chunk             |     3 |    14 |    10 ||    27
       Ration            |       |     1 |     1 ||     2
Armor: Animal skin       |     6 |       |       ||     6
       Ring mail         |    12 |    72 |    30 ||   114
       Chain mail        |       |       |    14 ||    14
       Scale mail        |       |       |    44 ||    44
Dodge: Dodged            |    86 |   236 |   204 ||   526
       Rpst.: Falchion   |    28 |    73 |    59 ||   160
